Match 40238921
Unlisted

Match 40238921
End
Pioneer Squad
Construct Infanterie Kompanie
Selects Terror Battlegroup
Selects Machine Gun Camouflage
Grenadier Squad
MG 42 Machine Gun Team
Grenadier Squad
Infanterie Officer Quarters
GrW 34 Mortar Team
Construct Panzergrenadier Kompanie
251 Medium Carrier
Selects Interrogate
Panzergrenadier Squad
Support Elements
Pak 40 Anti-tank Gun Team
Medical Bunker
Panzergrenadier Officer Quarters
Selects Jericho Trumpet
Jericho Trumpet
Nebelwerfer 42 Rocket Launcher Team
MoronPark-四海云水怒
Doge
N7 SHARK
Turtleboy
0
0

Comments sign in to comment!

No comments posted yet!